[Event "January 9 Late 2024"]
[Site "https://www.chess.com"]
[Date "2024.01.09"]
[Round "3"]
[White "Paravyan, David"]
[Black "Badmatsyrenov, Oleg"]
[Result "1-0"]
[Board "19"]
[TimeControl "180+1"]
[WhiteFideId "4194985"]
[BlackFideId "24115762"]
[WhiteElo "3024"]
[BlackElo "2788"]
[WhiteTeam "FID"]
[BlackTeam "FID"]
[WhiteClock "0:02:18"]
[BlackClock "0:00:10"]

1. e4 c5 2. Nf3 e6 3. d4 cxd4 4. Nxd4 a6 5. h3 Qc7 6. Bd3 Nc6 7. Nxc6 bxc6 8. O-O d5 9. c4 Nf6 10. Nc3 d4 11. Na4 c5 12. f4 Be7 13. e5 Nd7 14. Be4 Bb7 15. Qf3 Rb8 16. b3 g6 17. Bd2 O-O 18. Rae1 Bxe4 19. Qxe4 Qb7 20. Qe2 Bh4 21. Rd1 Qc6 22. Nb2 Ra8 23. Nd3 a5 24. Qg4 Be7 25. f5 exf5 26. Rxf5 Qe6 27. Rdf1 h5 28. Qg3 Bh4 29. Qxh4 gxf5 30. Nf4 Qh6 31. Nxh5 Qxd2 32. Qg3+ 1-0

[Event "January 9 Late 2024"]
[Site "https://www.chess.com"]
[Date "2024.01.09"]
[Round "3"]
[White "Sokolovsky, Yahli"]
[Black "Van Foreest, Jorden"]
[Result "0-1"]
[Board "20"]
[TimeControl "180+1"]
[WhiteFideId "2820242"]
[BlackFideId "1039784"]
[WhiteElo "2781"]
[BlackElo "3023"]
[WhiteTeam "ISR"]
[BlackTeam "NED"]
[WhiteClock "0:00:00"]
[BlackClock "0:00:11"]

1. b3 Nf6 2. Nf3 g6 3. Bb2 Bg7 4. c4 d6 5. e3 e5 6. d4 O-O 7. Be2 Nc6 8. d5 Ne7 9. Nc3 Nd7 10. Qc2 a6 11. h4 Nf6 12. O-O-O b5 13. c5 b4 14. Na4 Bf5 15. Qd2 Nexd5 16. Bc4 c6 17. Qe1 Ne4 18. Ng5 Nec3 19. e4 Nxd1 20. Qxd1 Be6 21. exd5 cxd5 22. Bxd5 Bxd5 23. Qxd5 dxc5 24. Qxd8 Raxd8 25. Ne4 f5 26. Nexc5 e4 27. Bxg7 Kxg7 28. Ne6+ Kf6 29. Nxf8 Rxf8 30. Rd1 Rc8+ 31. Kb2 Rc6 32. Rc1 Rd6 33. Kc2 Ke5 34. Nb2 Kf4 35. Nc4 Rc6 36. Rd1 Kg4 37. Rd7 h5 38. g3 Kf3 39. Rd2 e3 40. fxe3 Kxg3 41. Rd4 g5 42. hxg5 h4 43. Rd8 h3 44. Rh8 h2 45. Kd3 Kg2 46. Ne5 Rc8 47. Rxh2+ Kxh2 48. Kd4 Kg3 49. g6 Kh4 50. Nf7 Kh5 51. g7 Kg6 52. Nd6 Rd8 53. Ke5 Kxg7 54. Nxf5+ Kg6 55. Nd4 Re8+ 56. Kf4 Rh8 57. Nc6 Rh2 58. Ke5 Rxa2 59. Nxb4 Ra3 60. Kd4 Kf5 61. e4+ Ke6 62. Kc4 Kd6 63. Nd3 Ra1 64. Kd4 Kc6 65. Kc4 a5 66. e5 Re1 67. Kd4 Rh1 68. Kc4 Rh4+ 69. Kc3 Kd5 70. Nb2 Rh3+ 71. Kc2 Kd4 72. Nc4 a4 73. Nd2 a3 74. Nc4 Rh2+ 75. Kb1 Kc3 76. e6 Kxb3 77. Na5+ Kc3 78. e7 Re2 79. Nc6 Re6 80. Ka2 Re1 81. Nd8 Rxe7 0-1

[Event "January 9 Late 2024"]
[Site "https://www.chess.com"]
[Date "2024.01.09"]
[Round "3"]
[White "Svane, Rasmus"]
[Black "Krzyzanowski, Marcin"]
[Result "1-0"]
[Board "21"]
[TimeControl "180+1"]
[WhiteFideId "4657101"]
[BlackFideId "1132199"]
[WhiteElo "3014"]
[BlackElo "2774"]
[WhiteTeam "GER"]
[BlackTeam "POL"]
[WhiteClock "0:00:53"]
[BlackClock "0:00:03"]

1. Nf3 Nf6 2. g3 d5 3. Bg2 b5 4. O-O e6 5. d3 Bb7 6. c4 c6 7. Qc2 Nbd7 8. b3 Be7 9. Bb2 O-O 10. Nbd2 Rc8 11. e4 Ne8 12. Rac1 a5 13. Rfd1 Nd6 14. c5 Ne8 15. d4 b4 16. e5 Ba6 17. Nf1 f6 18. exf6 Bxf6 19. Re1 Nc7 20. Ne3 h5 21. h4 Bb5 22. Bh3 Ra8 23. Ng2 Be7 24. Nf4 Rxf4 25. gxf4 Bxh4 26. Rxe6 Bf6 27. Rd6 Qf8 28. Rxd7 Bd8 29. Rxc7 Bxc7 30. Be6+ Kh8 31. Ng5 g6 32. Qxg6 Qe7 33. Qxh5+ Kg7 34. Qh7+ Kf6 35. Qh6# 1-0

[Event "January 9 Late 2024"]
[Site "https://www.chess.com"]
[Date "2024.01.09"]
[Round "3"]
[White "Bordi, Kevin"]
[Black "Martinez Alcantara, Jose Eduardo"]
[Result "0-1"]
[Board "22"]
[TimeControl "180+1"]
[WhiteFideId "621862"]
[BlackFideId "3805662"]
[WhiteElo "2766"]
[BlackElo "3010"]
[WhiteTeam "MNC"]
[BlackTeam "PER"]
[WhiteClock "0:00:14"]
[BlackClock "0:00:49"]

1. d4 Nf6 2. Bg5 e6 3. e4 Be7 4. Nd2 d6 5. Bd3 Nbd7 6. Ngf3 h6 7. Bh4 Nh5 8. Bxe7 Qxe7 9. O-O Nf4 10. Bc4 e5 11. Re1 O-O 12. Nf1 Nf6 13. Ng3 g6 14. h3 Kg7 15. Qd2 Re8 16. Qc3 Nh7 17. Rad1 Qf6 18. dxe5 dxe5 19. Rd2 Ng5 20. Nxg5 hxg5 21. Nf1 g4 22. hxg4 Bxg4 23. Ne3 Qg5 24. Nxg4 Qxg4 25. Qg3 Qh5 26. Rd7 Rf8 27. Red1 b5 28. Bb3 c5 29. Bxf7 Ne2+ 0-1

[Event "January 9 Late 2024"]
[Site "https://www.chess.com"]
[Date "2024.01.09"]
[Round "3"]
[White "Xiong, Jeffery"]
[Black "Siddharth, Jagadeesh"]
[Result "1-0"]
[Board "23"]
[TimeControl "180+1"]
[WhiteFideId "2047640"]
[BlackFideId "5818320"]
[WhiteElo "3010"]
[BlackElo "2766"]
[WhiteTeam "USA"]
[BlackTeam "SGP"]
[WhiteClock "0:01:46"]
[BlackClock "0:01:21"]

1. e4 e6 2. d4 d5 3. e5 c5 4. c3 Nc6 5. Nf3 Bd7 6. Be2 cxd4 7. cxd4 Nge7 8. O-O Nf5 9. Nc3 a6 10. Be3 Be7 11. Bd3 Nxe3 12. fxe3 O-O 13. a3 f6 14. exf6 Bxf6 15. Na4 Qe7 16. Rc1 Be8 17. Qb3 Bh5 18. Nc5 Bxf3 19. Rxf3 Nxd4 20. exd4 Bxd4+ 21. Kh1 Rxf3 22. gxf3 Bxc5 23. Qc2 Bd6 24. Bxh7+ Kh8 25. Bg6 Qh4 26. Qc8+ Qd8 27. Qxe6 Qf6 28. Rc8+ 1-0

[Event "January 9 Late 2024"]
[Site "https://www.chess.com"]
[Date "2024.01.09"]
[Round "3"]
[White "Karacsonyi, Gellert"]
[Black "Deac, Bogdan-Daniel"]
[Result "1-0"]
[Board "24"]
[TimeControl "180+1"]
[WhiteFideId "764620"]
[BlackFideId "1226380"]
[WhiteElo "2759"]
[BlackElo "3009"]
[WhiteTeam "HUN"]
[BlackTeam "ROU"]
[WhiteClock "0:00:40"]
[BlackClock "0:00:04"]

1. e4 c5 2. Nf3 d6 3. d4 cxd4 4. Nxd4 Nf6 5. Nc3 Bd7 6. Bg5 e6 7. Qd3 a6 8. O-O-O h6 9. Bxf6 Qxf6 10. Be2 Nc6 11. Nxc6 Bxc6 12. Rhf1 g5 13. g3 O-O-O 14. f4 gxf4 15. Rxf4 Qg6 16. Rdf1 Rd7 17. Qe3 Qg5 18. Qa7 Bg7 19. h4 Qxg3 20. Rxf7 Bxc3 21. bxc3 Qxc3 22. R7f3 Qa1+ 23. Kd2 Qe5 24. Rc3 Kc7 25. Rb1 Rb8 26. Rxc6+ Kxc6 27. Qb6# 1-0

[Event "January 9 Late 2024"]
[Site "https://www.chess.com"]
[Date "2024.01.09"]
[Round "3"]
[White "Hakobyan, Aram"]
[Black "Goltsev, Dmitry"]
[Result "1-0"]
[Board "25"]
[TimeControl "180+1"]
[WhiteFideId "13306677"]
[BlackFideId "24176710"]
[WhiteElo "3004"]
[BlackElo "2755"]
[WhiteTeam "ARM"]
[BlackTeam "RUS"]
[WhiteClock "0:00:09"]
[BlackClock "0:00:03"]

1. e4 e6 2. d4 d5 3. exd5 exd5 4. Nf3 Nf6 5. Bd3 c5 6. O-O Be7 7. dxc5 Bxc5 8. Bg5 O-O 9. Nbd2 Nc6 10. c3 Bg4 11. Qa4 Bh5 12. Qh4 Bg6 13. Bxg6 hxg6 14. Rad1 Be7 15. Nc4 Ne4 16. Bxe7 Nxe7 17. Ne3 Nf5 18. Qxd8 Raxd8 19. Nxd5 Rfe8 20. Rfe1 Nc5 21. Rxe8+ Rxe8 22. Kf1 f6 23. g4 Nh6 24. g5 fxg5 25. Nxg5 Nf5 26. Nf4 Rf8 27. Kg1 Nh4 28. Nfe6 Nxe6 29. Nxe6 Rf6 30. Rd8+ Kf7 31. Nc5 b6 32. Ne4 Rf4 33. Nd2 Ra4 34. a3 Ke7 35. Ra8 Nf5 36. Nb3 Kf6 37. Kf1 Kg5 38. Nc1 Kg4 39. Nd3 Kg5 40. Ne5 Re4 41. Nf7+ Kf6 42. Rxa7 Rh4 43. Nd8 Rxh2 44. Rb7 Rh1+ 45. Kg2 Rb1 46. Rxb6+ Kg5 47. Ne6+ Kg4 48. Rb4+ Kh5 49. Nf4+ Kg5 50. Ne6+ Kh5 51. a4 g5 52. Nd4 Nh4+ 53. Kh2 Rf1 54. f3 Rf2+ 55. Kg1 Rd2 56. a5 g4 57. fxg4+ Kg5 58. a6 Rd1+ 59. Kf2 Ra1 60. Nf3+ Nxf3 61. Kxf3 Rxa6 62. Rb5+ Kg6 63. c4 Ra1 64. b3 Rc1 65. g5 Kh5 66. Ke4 g6 67. Kd4 Rd1+ 68. Kc3 Rc1+ 69. Kb2 Re1 70. Rd5 Re2+ 71. Kc3 Re3+ 72. Kb4 Re4 73. Kb5 Re3 74. b4 Rb3 75. c5 Rc3 76. c6 Rc1 77. Kb6 Rc4 78. b5 Rf4 79. c7 Rc4 80. Rc5 Rf4 81. Rc6 Kg4 82. c8=Q+ Kg3 83. Qc7 Kg4 84. Qxf4+ Kh5 85. Qf3+ Kh4 86. Rc4+ Kxg5 87. Qf4+ Kh5 88. Qh4# 1-0

[Event "January 9 Late 2024"]
[Site "https://www.chess.com"]
[Date "2024.01.09"]
[Round "3"]
[White "Tristan, Leonardo"]
[Black "Antipov, Mikhail Al."]
[Result "1-0"]
[Board "26"]
[TimeControl "180+1"]
[WhiteFideId "113816"]
[BlackFideId "4107012"]
[WhiteElo "2752"]
[BlackElo "2995"]
[WhiteTeam "ARG"]
[BlackTeam "FID"]
[WhiteClock "0:00:05"]
[BlackClock "0:00:15"]

1. d4 Nf6 2. Nf3 d5 3. Bf4 Nh5 4. Bc1 e6 5. c4 Be7 6. Nc3 O-O 7. e4 dxe4 8. Nxe4 b6 9. Ne5 Bb7 10. Qxh5 Bxe4 11. Be3 Bb4+ 12. Kd1 c5 13. a3 cxd4 14. Bh6 Bd6 15. Qg4 Bxe5 16. Qxe4 Nd7 17. Bd2 a5 18. Bd3 g6 19. b4 axb4 20. Bxb4 Re8 21. h4 Bg7 22. h5 Nc5 23. Bxc5 bxc5 24. hxg6 hxg6 25. Qf3 Qb6 26. Rb1 Qa5 27. Ke2 Qxa3 28. Rhd1 Rab8 29. Kf1 Rb3 30. Rxb3 Qxb3 31. Rb1 Qa2 32. Rb7 Qa1+ 33. Rb1 Qc3 34. g3 Be5 35. Rb7 Rf8 36. Kg2 Kg7 37. Qe4 Bf6 38. Qxg6+ 1-0

[Event "January 9 Late 2024"]
[Site "https://www.chess.com"]
[Date "2024.01.09"]
[Round "3"]
[White "Shankland, Sam"]
[Black "Leitao, Rafael"]
[Result "1-0"]
[Board "27"]
[TimeControl "180+1"]
[WhiteFideId "2004887"]
[BlackFideId "2101246"]
[WhiteElo "2992"]
[BlackElo "2749"]
[WhiteTeam "USA"]
[BlackTeam "BRA"]
[WhiteClock "0:00:24"]
[BlackClock "0:00:00"]

1. d4 d5 2. c4 e6 3. Nf3 Nf6 4. Nc3 Nbd7 5. Bf4 dxc4 6. e3 Bd6 7. Bg3 O-O 8. Bxc4 Bxg3 9. hxg3 c5 10. Bd3 h6 11. Bc2 cxd4 12. Qxd4 Nb6 13. Qf4 Nbd5 14. Nxd5 Nxd5 15. Qe4 Qa5+ 16. Kf1 Nf6 17. Qe5 Qxe5 18. Nxe5 b6 19. f3 Rd8 20. Ke2 Ba6+ 21. Bd3 Bb7 22. Rhd1 Rd5 23. Nc4 Rad8 24. e4 Rd4 25. e5 Ne8 26. Ke3 R4d5 27. Be2 b5 28. Na5 Rxe5+ 29. Kf2 Bd5 30. Nc6 Rxe2+ 31. Kxe2 Rd7 32. Nb4 Nf6 33. Rac1 a5 34. Nxd5 Nxd5 35. Rc5 Rb7 36. Rdc1 Kf8 37. a3 Ke7 38. Rc6 b4 39. a4 b3 40. R6c5 Ra7 41. Rb5 Nb4 42. Rc3 Kf6 43. Rxb3 Nc6 44. Rc3 Nd4+ 45. Kd3 Nxb5 46. axb5 Ke5 47. Kc4 Rc7+ 48. Kb3 Rb7 49. Ka4 Rd7 50. b6 1-0

[Event "January 9 Late 2024"]
[Site "https://www.chess.com"]
[Date "2024.01.09"]
[Round "3"]
[White "Yuan, Qingyu"]
[Black "Dominguez Perez, Leinier"]
[Result "0-1"]
[Board "28"]
[TimeControl "180+1"]
[WhiteFideId "8609772"]
[BlackFideId "3503240"]
[WhiteElo "2748"]
[BlackElo "2984"]
[WhiteTeam "CHN"]
[BlackTeam "USA"]
[WhiteClock "0:00:05"]
[BlackClock "0:00:13"]

1. e4 c5 2. Nf3 d6 3. Bb5+ Nd7 4. c3 Nf6 5. Qe2 a6 6. Ba4 b5 7. Bc2 Bb7 8. d4 cxd4 9. cxd4 g6 10. a3 Bg7 11. Nc3 O-O 12. O-O Rc8 13. Rd1 Qc7 14. Bg5 h6 15. Bf4 e5 16. Bg3 Nh5 17. Bb3 Nxg3 18. hxg3 exd4 19. Nxd4 Rfe8 20. Nd5 Qc5 21. Nf3 Nf6 22. Nxf6+ Bxf6 23. Qd2 Kg7 24. Rac1 Qb6 25. Rxc8 Bxc8 26. Bd5 a5 27. b3 Bd7 28. Rc1 Rc8 29. Rc2 Rxc2 30. Qxc2 Qc5 31. Qxc5 dxc5 32. e5 Be7 33. Nd2 c4 34. bxc4 Bxa3 35. cxb5 Bxb5 36. Nc4 Bb4 37. Nd6 Bxd6 38. exd6 a4 39. f4 a3 40. Kf2 Kf8 41. Ke3 Bd7 42. Kd4 Be6 43. Bxe6 fxe6 44. Kc3 Ke8 45. Kb3 Kd7 46. Kxa3 Kxd6 47. Kb4 Kd5 48. Kb5 e5 49. fxe5 Kxe5 50. Kc4 Kf5 51. Kd5 g5 52. Kd4 Kg4 53. Ke5 Kxg3 54. Kf5 Kxg2 55. Kg4 Kf2 56. Kh5 Kf3 57. Kxh6 g4 58. Kh5 g3 59. Kh4 g2 60. Kg5 g1=Q+ 61. Kf6 Qc5 62. Ke6 Ke4 63. Kd7 Qb6 64. Kc8 Qa7 65. Kd8 Ke5 0-1

[Event "January 9 Late 2024"]
[Site "https://www.chess.com"]
[Date "2024.01.09"]
[Round "3"]
[White "Mekhitarian, Krikor Sevag"]
[Black "Chigaev, Maksim"]
[Result "0-1"]
[Board "29"]
[TimeControl "180+1"]
[WhiteFideId "2107660"]
[BlackFideId "4108116"]
[WhiteElo "2739"]
[BlackElo "2980"]
[WhiteTeam "BRA"]
[BlackTeam "ESP"]
[WhiteClock "0:00:00"]
[BlackClock "0:00:05"]

1. Nf3 Nf6 2. c4 g6 3. Nc3 Bg7 4. e4 d6 5. d4 O-O 6. h3 c5 7. Be3 Qa5 8. Bd3 cxd4 9. Nxd4 Nc6 10. O-O Be6 11. Nxe6 fxe6 12. a3 Nh5 13. b4 Qe5 14. Rc1 Nf4 15. Bxf4 Qxf4 16. g3 Qh6 17. Kg2 g5 18. Be2 Be5 19. Bg4 Rf6 20. Qd3 Raf8 21. Ne2 Qg6 22. b5 Nb8 23. Nd4 h5 24. Be2 Nd7 25. Nb3 b6 26. a4 Nc5 27. Nxc5 bxc5 28. a5 Bd4 29. f3 e5 30. Rb1 h4 31. g4 Rb8 32. b6 axb6 33. axb6 Rff8 34. Rb3 Qf6 35. Qd2 Kg7 36. Rfb1 Kh6 37. b7 e6 38. Rb6 Qe7 39. Bd1 Rf7 40. Ba4 Qd8 41. Bc6 Kg6 42. Qd3 Rc7 43. Qd2 Qf6 44. Ba4 Qe7 45. Bc6 Qf7 46. Ba4 Rbxb7 47. Rxb7 Rxb7 48. Rxb7 Qxb7 49. Bb5 Qa7 50. Qc2 Qa1 0-1

[Event "January 9 Late 2024"]
[Site "https://www.chess.com"]
[Date "2024.01.09"]
[Round "3"]
[White "Fressinet, Laurent"]
[Black "Ivanisevic, Ivan"]
[Result "0-1"]
[Board "30"]
[TimeControl "180+1"]
[WhiteFideId "608742"]
[BlackFideId "912417"]
[WhiteElo "2980"]
[BlackElo "2736"]
[WhiteTeam "FRA"]
[BlackTeam "SRB"]
[WhiteClock "0:00:00"]
[BlackClock "0:00:05"]

1. d4 Nf6 2. Nf3 e6 3. Bg5 h6 4. Bh4 d6 5. Nbd2 g5 6. Bg3 Nh5 7. c3 Bg7 8. e4 Qe7 9. Nc4 f5 10. Nfd2 Nf6 11. e5 dxe5 12. Bxe5 Nc6 13. Be2 O-O 14. O-O Nxe5 15. Nxe5 Rd8 16. Re1 c5 17. Nb3 cxd4 18. cxd4 a5 19. Bc4 Rd6 20. Qc2 Kh7 21. a4 b6 22. Nf3 Qc7 23. Rac1 Bb7 24. Rxe6 Be4 25. Qe2 Rxe6 26. Bxe6 Qd6 27. Bc4 Re8 28. Nbd2 Bb7 29. Qd3 Ne4 30. Bb5 Re7 31. Nc4 Qf4 32. Qe3 Qxe3 33. Nxe3 Nd6 34. Bc6 Rc7 35. d5 f4 36. Nc4 Nxc4 37. Rxc4 Bxb2 38. h4 g4 39. Nd2 Be5 40. Bxb7 Rxb7 41. Re4 Bd6 42. Nc4 Bc5 43. Rxf4 Rd7 44. Rf5 g3 45. Kf1 gxf2 46. g4 Kg7 47. g5 Re7 48. Re5 Rf7 49. d6 hxg5 50. hxg5 Rd7 51. Re6 Kf7 52. Rf6+ Kg7 53. Ke2 Bd4 54. Re6 Bc5 55. g6 Rd8 56. Kf1 Rh8 57. Re7+ Kxg6 58. Ne5+ Kf5 59. d7 Rh1+ 60. Ke2 f1=Q+ 61. Kd2 Qd1+ 62. Kc3 Qd4+ 63. Kc2 Rh2+ 64. Kc1 Qd2+ 0-1

[Event "January 9 Late 2024"]
[Site "https://www.chess.com"]
[Date "2024.01.09"]
[Round "3"]
[White "Gritsenko, Nikolai"]
[Black "Salem, A.R. Saleh"]
[Result "1/2-1/2"]
[Board "31"]
[TimeControl "180+1"]
[WhiteFideId "14112493"]
[BlackFideId "9301348"]
[WhiteElo "2736"]
[BlackElo "2975"]
[WhiteTeam "UKR"]
[BlackTeam "UAE"]
[WhiteClock "0:00:08"]
[BlackClock "0:00:04"]

1. d4 Nf6 2. Bg5 Ne4 3. h4 c5 4. dxc5 d5 5. Nd2 Nxc5 6. Ngf3 Nc6 7. c3 f6 8. Be3 e5 9. Nb3 Na4 10. Qc2 Bg4 11. g3 Rc8 12. Rd1 d4 13. Nbxd4 Nxd4 14. Nxd4 Qa5 15. Nb3 Qb5 16. Bg2 b6 17. Be4 Be7 18. Bxh7 Rxh7 19. Qg6+ Kf8 20. Qxg4 Qc6 21. O-O Nxb2 22. Rd7 Nc4 23. Bc1 a5 24. Rd3 Nd6 25. Qg6 Rh8 26. Rfd1 Qe4 27. Qxe4 Nxe4 28. Bb2 Kf7 29. Kg2 a4 30. Nd2 Nc5 31. Rd5 Rhd8 32. c4 Rxd5 33. cxd5 Nb7 34. Rc1 Rxc1 35. Bxc1 Bb4 36. Kf3 f5 37. e4 g6 38. g4 Nd6 39. gxf5 gxf5 40. exf5 Nxf5 41. Ne4 Nxh4+ 42. Kg4 Ng6 43. Kf5 Bf8 44. Ng5+ Kg7 45. Ne6+ Kf7 46. Ng5+ Kg7 47. Bb2 Bd6 48. Ne6+ Kf7 49. Ng5+ Kg7 50. Ne6+ Kf7 51. Ng5+ Kg7 1/2-1/2

[Event "January 9 Late 2024"]
[Site "https://www.chess.com"]
[Date "2024.01.09"]
[Round "3"]
[White "Anton Guijarro, David"]
[Black "Garayev, Kanan"]
[Result "1-0"]
[Board "32"]
[TimeControl "180+1"]
[WhiteFideId "2285525"]
[BlackFideId "13406671"]
[WhiteElo "2974"]
[BlackElo "2732"]
[WhiteTeam "ESP"]
[BlackTeam "AZE"]
[WhiteClock "0:00:17"]
[BlackClock "0:00:17"]

1. Nf3 d5 2. c4 e6 3. e3 c5 4. d4 a6 5. cxd5 exd5 6. Be2 Nf6 7. O-O Nc6 8. b3 cxd4 9. Nxd4 Bd6 10. Bb2 O-O 11. Nxc6 bxc6 12. Qc2 Qe7 13. Qxc6 Bg4 14. Qc2 Rac8 15. Qd1 Be5 16. Bxe5 Qxe5 17. Nd2 Bxe2 18. Qxe2 Rc2 19. Qd3 Rfc8 20. Nf3 Qd6 21. Qf5 g6 22. Qh3 Ne4 23. Nd4 R2c7 24. Rad1 Nc3 25. Rd2 Ne4 26. Re2 Rc1 27. Rfe1 f5 28. Qh4 Qb4 29. f3 g5 30. a3 Qa5 31. b4 Qxa3 32. Qh6 Qxb4 33. Qe6+ Kh8 34. Qe5+ Kg8 35. Qxd5+ Kh8 36. Qe5+ Kg8 37. Kf1 Nd2+ 38. Kf2 Rxe1 39. Qe6+ Kh8 40. Qxc8+ Kg7 41. Qd7+ Kh6 42. Nxf5+ Kg6 43. Qe6+ 1-0

[Event "January 9 Late 2024"]
[Site "https://www.chess.com"]
[Date "2024.01.09"]
[Round "3"]
[White "Kollars, Dmitrij"]
[Black "Weetik, Vjacheslav"]
[Result "1-0"]
[Board "33"]
[TimeControl "180+1"]
[WhiteFideId "12909572"]
[BlackFideId "4153472"]
[WhiteElo "2966"]
[BlackElo "2732"]
[WhiteTeam "GER"]
[BlackTeam "RUS"]
[WhiteClock "0:00:08"]
[BlackClock "0:00:00"]

1. e4 e5 2. Nf3 Nc6 3. Bb5 a6 4. Ba4 Nf6 5. Nc3 b5 6. Bb3 Bc5 7. O-O d6 8. a4 Bg4 9. h3 Bh5 10. axb5 Nd4 11. g4 Nxg4 12. Nxd4 Bxd4 13. hxg4 Qh4 14. Qf3 Bxg4 15. Qd3 Bh3 16. Qf3 Qg5+ 17. Kh2 Bxf1 18. d3 Qh4+ 19. Kg1 Bh3 20. Rxa6 O-O 21. Bxf7+ Kh8 22. Rxa8 Rxa8 23. Bd5 Rd8 24. Ne2 Bg4 25. Qg3 Qxg3+ 26. Nxg3 Bb6 27. Kg2 Rf8 28. Be3 Bf3+ 29. Kg1 Bd1 30. c4 Bf3 31. b4 Bd4 32. Bxd4 exd4 33. c5 Rb8 34. b6 cxb6 35. c6 g6 36. Be6 Ra8 37. c7 Ra1+ 38. Kh2 Rc1 39. Bc4 1-0

[Event "January 9 Late 2024"]
[Site "https://www.chess.com"]
[Date "2024.01.09"]
[Round "3"]
[White "Sjugirov, Sanan"]
[Black "Syaputra, Arifa Rizki"]
[Result "1-0"]
[Board "34"]
[TimeControl "180+1"]
[WhiteFideId "4189302"]
[BlackFideId "7105100"]
[WhiteElo "2958"]
[BlackElo "2730"]
[WhiteTeam "HUN"]
[BlackTeam "INA"]
[WhiteClock "0:00:04"]
[BlackClock "0:00:00"]

1. e4 c5 2. Nf3 Nc6 3. Bb5 g6 4. O-O Bg7 5. Re1 Nf6 6. Bxc6 dxc6 7. d3 O-O 8. h3 Nd7 9. e5 b5 10. Nc3 Nb6 11. Ne4 c4 12. d4 Nd5 13. Bd2 f6 14. Ng3 Bd7 15. Qc1 Qc7 16. Bh6 c5 17. Bxg7 Kxg7 18. Qd2 Rad8 19. a4 b4 20. Qe2 cxd4 21. Nxd4 a6 22. Rad1 Bc8 23. h4 Nf4 24. Qe3 fxe5 25. Qxe5+ Qxe5 26. Rxe5 Kf6 27. Ree1 Bb7 28. f3 e5 29. Nde2 Ne6 30. a5 Nc5 31. Kf2 Bc6 32. Ke3 Ke7 33. h5 g5 34. Nc1 Na4 35. b3 Nc3 36. Rxd8 Rxd8 37. bxc4 Kf6 38. Nd3 Rd4 39. Nxb4 Rxc4 40. Nxc6 Rxc6 41. Ra1 Nd5+ 42. Kd2 Nc3 43. Kd3 Ke6 44. Ra3 Nd5 45. c4 Nf4+ 46. Kc3 Nxg2 47. Ne4 h6 48. Kb4 Nh4 49. Nc5+ Kd6 50. Rd3+ Ke7 51. Rd7+ Kf6 52. Rh7 1-0

[Event "January 9 Late 2024"]
[Site "https://www.chess.com"]
[Date "2024.01.09"]
[Round "3"]
[White "Akobian, Varuzhan"]
[Black "Nguyen, Ngoc Truong Son"]
[Result "0-1"]
[Board "35"]
[TimeControl "180+1"]
[WhiteFideId "13300580"]
[BlackFideId "12401110"]
[WhiteElo "2730"]
[BlackElo "2949"]
[WhiteTeam "USA"]
[BlackTeam "VIE"]
[WhiteClock "0:00:00"]
[BlackClock "0:00:25"]

1. d4 Nf6 2. c4 e6 3. Nf3 d5 4. cxd5 exd5 5. Nc3 c6 6. Qc2 g6 7. Bg5 Be7 8. e3 Bf5 9. Bd3 Bxd3 10. Qxd3 Nbd7 11. O-O O-O 12. Rab1 a5 13. Rfc1 Re8 14. h3 Ne4 15. Bxe7 Qxe7 16. Qc2 f5 17. a3 g5 18. b4 axb4 19. axb4 g4 20. hxg4 fxg4 21. Nxe4 gxf3 22. Ng3 fxg2 23. Kxg2 Nf6 24. Rh1 Kh8 25. b5 Rg8 26. bxc6 bxc6 27. Rh3 Raf8 28. Rbh1 Rg7 29. Qf5 Rff7 30. Rb1 Rg8 31. Qe5 Qxe5 32. dxe5 Ng4 33. f4 Nxe3+ 34. Kf3 Nc4 0-1

[Event "January 9 Late 2024"]
[Site "https://www.chess.com"]
[Date "2024.01.09"]
[Round "3"]
[White "Sargsyan, Shant"]
[Black "Korchmar, Vasiliy"]
[Result "0-1"]
[Board "36"]
[TimeControl "180+1"]
[WhiteFideId "13306766"]
[BlackFideId "24131750"]
[WhiteElo "2947"]
[BlackElo "2726"]
[WhiteTeam "ARM"]
[BlackTeam "RUS"]
[WhiteClock "0:00:51"]
[BlackClock "0:01:01"]

1. g3 d5 2. Nf3 g6 3. c4 c6 4. Bg2 Bg7 5. O-O e5 6. cxd5 cxd5 7. d3 Nc6 8. Nc3 Nge7 9. Bg5 f6 10. Bd2 O-O 11. Rc1 Be6 12. a3 Qd7 13. b4 Kh8 14. b5 Nd8 15. a4 Nf7 16. e3 Rac8 17. Ne2 g5 18. Bb4 Rxc1 19. Qxc1 Rc8 20. Qb1 Ng6 21. Rc1 g4 22. Nd2 Ng5 23. Rc7 Qxc7 24. d4 Qc2 25. Qe1 Qxa4 26. Bd6 Qxb5 27. dxe5 fxe5 28. Bf1 Qc6 29. Ba3 Qc2 30. Bg2 b5 31. f4 gxf3 32. Nxf3 Nxf3+ 33. Bxf3 Qd3 34. Bc1 Rc2 35. Qa5 Rxe2 36. Qd8+ Bg8 0-1

[Event "January 9 Late 2024"]
[Site "https://www.chess.com"]
[Date "2024.01.09"]
[Round "3"]
[White "Nagare Kaivalya Sandip"]
[Black "Smirnov, Anton"]
[Result "1-0"]
[Board "37"]
[TimeControl "180+1"]
[WhiteFideId "25957929"]
[BlackFideId "3208923"]
[WhiteElo "2726"]
[BlackElo "2941"]
[WhiteTeam "IND"]
[BlackTeam "AUS"]
[WhiteClock "0:00:48"]
[BlackClock "0:00:15"]

1. e4 c5 2. Nf3 d6 3. d4 cxd4 4. Nxd4 Nf6 5. Nc3 a6 6. Bg5 Nbd7 7. Bc4 Qb6 8. Bb3 e6 9. Qd2 Be7 10. O-O-O Nc5 11. Rhe1 h6 12. Bh4 Qc7 13. Kb1 Bd7 14. Nf5 g5 15. Bg3 Nxb3 16. axb3 exf5 17. e5 O-O 18. exd6 Qc6 19. dxe7 Rfe8 20. Bd6 Be6 21. Qd4 Ne4 22. Nxe4 fxe4 23. Qf6 Rac8 24. Be5 Qxc2+ 25. Ka1 1-0

[Event "January 9 Late 2024"]
[Site "https://www.chess.com"]
[Date "2024.01.09"]
[Round "3"]
[White "Aravindh, Chithambaram VR."]
[Black "Arabidze, Meri"]
[Result "1/2-1/2"]
[Board "38"]
[TimeControl "180+1"]
[WhiteFideId "5072786"]
[BlackFideId "13604040"]
[WhiteElo "2940"]
[BlackElo "2719"]
[WhiteTeam "IND"]
[BlackTeam "GEO"]
[WhiteClock "0:00:09"]
[BlackClock "0:00:10"]

1. b3 Nf6 2. Bb2 g6 3. g3 Bg7 4. Bg2 O-O 5. Nf3 d5 6. c4 c6 7. O-O a5 8. d4 a4 9. cxd5 cxd5 10. bxa4 Nbd7 11. Nc3 Nb6 12. Ne5 Bd7 13. Qb3 Nxa4 14. Nxd5 Nxb2 15. Qxb2 Nxd5 16. Bxd5 Bh3 17. Bg2 Bxg2 18. Kxg2 Bxe5 19. dxe5 Qd5+ 20. Kg1 Ra5 21. a4 Rfa8 22. Qb4 Qxe5 23. Qxb7 Qxe2 24. Rfe1 Qa6 25. Qxe7 Rxa4 26. Rad1 Qc4 27. h4 h5 28. Rc1 Qd5 29. Red1 Qe4 30. Qf6 R4a6 31. Rd8+ Rxd8 32. Qxd8+ Kg7 33. Qd2 Re6 34. Qc3+ Qe5 35. Qd3 Qe4 36. Qd2 Qe5 37. Rd1 Qe2 38. Qd4+ Qe5 39. Qd8 Qe2 40. Rc1 Qf3 41. Qd4+ Qf6 42. Qd2 Qf3 43. Rc3 Qe2 44. Qd4+ Qe5 45. Qd3 Qe1+ 46. Kg2 Qe4+ 47. Qxe4 Rxe4 48. Rc6 Re7 49. Kf3 Rd7 50. Kf4 Ra7 51. Kf3 Ra3+ 52. Kg2 Ra7 53. Rc4 Rb7 54. Rc3 Ra7 55. Kf3 Rb7 56. Kf4 Rb4+ 57. Ke3 Rb7 58. Rd3 Ra7 59. Rd4 Rb7 60. Kf4 Ra7 61. Rd3 Ra4+ 62. Kf3 Ra7 63. Re3 Rb7 64. Kf4 Rb4+ 65. Re4 Rb2 66. Ke3 Rb3+ 67. Kd4 Rb2 68. Rf4 Rb4+ 69. Ke5 Rb5+ 70. Kd6 Rb6+ 71. Ke7 Re6+ 72. Kd7 Re2 73. Kd6 Re6+ 74. Kd5 Re2 75. Kd4 Re1 76. Re4 Rf1 77. Ke3 Re1+ 78. Kf4 Ra1 79. f3 Ra3 80. g4 Ra5 81. Re7 Ra4+ 82. Kg3 Ra5 83. Rd7 Rb5 84. Rc7 Ra5 85. g5 Rb5 86. Re7 Ra5 87. Kf4 Ra4+ 88. Re4 Ra5 89. Rd4 Rb5 90. Ke4 Ra5 91. Rd5 Ra4+ 92. Rd4 Ra5 93. f4 Rb5 94. Rd5 Rb4+ 95. Ke5 Rb1 96. f5 Re1+ 97. Kd6 gxf5 98. Rxf5 Rh1 99. Rf4 Rg1 100. Ke5 Rh1 101. Kf5 Rg1 102. Re4 Rf1+ 103. Rf4 Rg1 104. Ke4 Re1+ 105. Kf3 Rf1+ 106. Kg3 Rxf4 107. Kxf4 f6 108. Kf5 fxg5 109. hxg5 h4 110. Kg4 h3 111. Kxh3 Kg6 112. Kg4 Kg7 113. Kf5 Kf7 114. g6+ Kg7 115. Kg5 Kg8 116. g7 Kxg7 1/2-1/2